[Event "Titled Tuesday Blitz June 6 Early 2023"]
[White "Shevchenko, Kirill"]
[Black "Guz, Ari"]
[WhiteFideId "14129574"]
[BlackFideId "2825759"]
[WhiteElo "2603"]
[BlackElo "2205"]
[Result "1-0"]
[Round "4"]
[TimeControl "180+2"]
[Date "2023.06.06"]
[WhiteClock "0:00:03"]
[BlackClock "0:00:15"]
[Board "34"]

1. e4 c6 2. d4 d5 3. e5 g6 4. h3 h5 5. Nf3 Bh6 6. Nbd2 Bf5 7. Be2 e6 8. O-O g5 9. Nh2 g4 10. hxg4 hxg4 11. Bxg4 Bxd2 12. Bxd2 Qh4 13. Bf4 Nh6 14. Bg3 Qg5 15. Be2 Nd7 16. Qc1 Qg6 17. c4 dxc4 18. Qxc4 Nb6 19. Qc5 O-O-O 20. a4 Bd3 21. Bxd3 Qxd3 22. a5 Nd5 23. a6 bxa6 24. Qxc6+ Kb8 25. Qxa6 Qxa6 26. Rxa6 Nf5 27. Rfa1 Rd7 28. Nf3 Nb4 29. R6a4 Nc2 30. Rd1 Rhd8 31. Bh4 Nxh4 32. Nxh4 Nxd4 33. Kf1 Nc6 34. Rxd7 Rxd7 35. Nf3 Rd1+ 36. Ke2 Rb1 37. Ra2 Nb4 38. Nd2 Rg1 39. Ra4 Nc6 40. Nf3 Rxg2 41. Rf4 Rg7 42. Ke3 Kc7 43. Ke4 Kd7 44. Rh4 Ne7 45. Nd4 Rg2 46. Kf3 Rg5 47. Rh7 Rxe5 48. Rxf7 Ke8 49. Rh7 Nf5 50. Nc6 Rb5 51. Rxa7 Rxb2 52. Ne5 Rb5 53. Nc4 Rb4 54. Ne5 Rb5 55. Kf4 Ne7 56. Ra8+ 1-0


[Site "https://www.chess.com"]

[Event "Titled Tuesday Blitz June 6 Early 2023"]
[White "Gontcharov, Vladislav"]
[Black "Makarian, Rudik"]
[WhiteFideId "4123492"]
[BlackFideId "44105681"]
[WhiteElo "2420"]
[BlackElo "2451"]
[Result "0-1"]
[Round "4"]
[TimeControl "180+2"]
[Date "2023.06.06"]
[WhiteClock "0:00:01"]
[BlackClock "0:00:07"]
[Board "35"]

1. d4 Nf6 2. c4 e6 3. Nc3 d5 4. Bg5 Be7 5. e3 Nbd7 6. Rc1 h6 7. Bh4 c6 8. Bd3 dxc4 9. Bxc4 b5 10. Bb3 Bb7 11. Nf3 O-O 12. O-O a5 13. Re1 a4 14. Bc2 a3 15. b3 b4 16. Ne4 c5 17. Bxf6 Nxf6 18. Nxc5 Bxc5 19. dxc5 Rc8 20. Nd4 Qd5 21. c6 Ba8 22. Bd3 g6 23. Qf3 Qxf3 24. gxf3 e5 25. Nc2 Bxc6 26. e4 Rb8 27. Nxb4 Bxe4 28. Na6 Bxd3 29. Nxb8 Rxb8 30. Rxe5 Kg7 31. Rc7 Nh5 32. Ree7 Rf8 33. f4 Nxf4 34. Ra7 g5 35. f3 Kg6 36. Kf2 Rc8 37. Ra6+ f6 38. Rxa3 Rc2+ 39. Ke1 Rxh2 40. Raa7 h5 41. Rg7+ Kh6 42. Rg8 h4 43. Rh8+ Kg6 44. Rg8+ Kf5 45. Ra5+ Ke6 46. Re8+ Kf7 47. Re3 Ng2+ 48. Kd2 Nxe3+ 49. Kxd3 Ng2 50. Ra7+ Kg6 51. b4 Nf4+ 52. Kc3 h3 53. b5 Rh1 54. Ra8 Rb1 55. Rg8+ Kf7 56. Rh8 Rxb5 57. a4 Re5 58. Kb4 Re3 59. a5 Rxf3 60. a6 Rf1 61. a7 Ra1 62. a8=Q Rxa8 63. Rxa8 g4 64. Ra7+ Kg6 65. Kc3 h2 66. Ra1 Ne2+ 67. Kd3 Ng1 68. Ke3 h1=Q 0-1


[Site "https://www.chess.com"]

[Event "Titled Tuesday Blitz June 6 Early 2023"]
[White "Zhigalko, Sergei"]
[Black "Degenbaev, Aziz"]
[WhiteFideId "13502956"]
[BlackFideId "13802640"]
[WhiteElo "2626"]
[BlackElo "2152"]
[Result "1-0"]
[Round "4"]
[TimeControl "180+2"]
[Date "2023.06.06"]
[WhiteClock "0:01:42"]
[BlackClock "0:01:07"]
[Board "36"]

1. e4 e6 2. d3 d5 3. Nd2 Nf6 4. Ngf3 Nc6 5. g3 dxe4 6. dxe4 e5 7. Bg2 Bc5 8. O-O O-O 9. Qe2 Qe7 10. c3 a5 11. h3 b6 12. Rd1 Ba6 13. Qe1 Rfd8 14. Nh4 Qe6 15. Nf5 a4 16. Nf1 Bc4 17. Bg5 Ne7 18. N1e3 Nxf5 19. exf5 1-0


[Site "https://www.chess.com"]

[Event "Titled Tuesday Blitz June 6 Early 2023"]
[White "Kevlishvili, Robby"]
[Black "Krutko, Anatoly"]
[WhiteFideId "1040634"]
[BlackFideId "4185862"]
[WhiteElo "2572"]
[BlackElo "2378"]
[Result "1-0"]
[Round "4"]
[TimeControl "180+2"]
[Date "2023.06.06"]
[WhiteClock "0:02:01"]
[BlackClock "0:00:05"]
[Board "37"]

1. e4 e5 2. Nf3 Nc6 3. Nc3 Nf6 4. a3 g6 5. Bc4 Bg7 6. d3 h6 7. h3 O-O 8. Be3 d6 9. Qd2 Kh7 10. O-O-O a6 11. g4 b5 12. Bb3 Ng8 13. Rdg1 Be6 14. Bd5 Bxd5 15. Nxd5 Nce7 16. Nc3 c5 17. h4 b4 18. axb4 cxb4 19. Ne2 b3 20. c4 a5 21. Nc3 a4 22. Nb5 Qd7 23. Na3 Rfc8 24. Ng5+ Kh8 25. Nxf7+ Kh7 26. Ng5+ Kh8 27. Kb1 Bf6 28. Nf7+ Kg7 29. Nxh6 Nc6 30. Nxg8 Rxg8 31. g5 Be7 32. h5 Rab8 33. hxg6 Rh8 34. Rh6 Nb4 35. Qe2 Nc2 36. Qh5 Nxa3+ 37. bxa3 Rbf8 38. Rh7+ 1-0


[Site "https://www.chess.com"]

[Event "Titled Tuesday Blitz June 6 Early 2023"]
[White "Sargsyan, Anna M."]
[Black "Rustemov, Alexander"]
[WhiteFideId "13308130"]
[BlackFideId "4119002"]
[WhiteElo "2284"]
[BlackElo "2873"]
[Result "0-1"]
[Round "4"]
[TimeControl "180+2"]
[Date "2023.06.06"]
[WhiteClock "0:00:01"]
[BlackClock "0:00:14"]
[Board "38"]

1. d4 d5 2. c4 c6 3. Nc3 Nf6 4. cxd5 cxd5 5. Bf4 Nc6 6. e3 Bf5 7. Nf3 Rc8 8. Bb5 Qb6 9. O-O e6 10. Qe2 Be7 11. Na4 Qa5 12. a3 a6 13. Bxc6+ Rxc6 14. Nc3 O-O 15. Ne5 Rcc8 16. b4 Qd8 17. Na4 Ne4 18. Nc5 f6 19. Ned3 b6 20. Nxa6 Qd7 21. a4 Nc3 22. Qd2 Nxa4 23. Nc7 g5 24. Bg3 h5 25. h3 h4 26. Bh2 Bd8 27. Rfc1 Bxc7 28. Bxc7 Kg7 29. Bh2 Qb5 30. Ne1 Rc4 31. Nf3 Rfc8 32. Qd1 Nc3 0-1


[Site "https://www.chess.com"]

[Event "Titled Tuesday Blitz June 6 Early 2023"]
[White "Mortazavi, Ali"]
[Black "Svane, Frederik"]
[WhiteFideId "401323"]
[BlackFideId "12923044"]
[WhiteElo "2339"]
[BlackElo "2502"]
[Result "0-1"]
[Round "4"]
[TimeControl "180+2"]
[Date "2023.06.06"]
[WhiteClock "0:00:02"]
[BlackClock "0:00:02"]
[Board "39"]

1. Nf3 d5 2. g3 g6 3. Bg2 Bg7 4. O-O e5 5. d3 Nc6 6. Nbd2 Nge7 7. e4 O-O 8. a4 h6 9. a5 a6 10. exd5 Nxd5 11. c3 Bf5 12. Ne4 b6 13. axb6 cxb6 14. Re1 a5 15. Qb3 Be6 16. Qa3 Re8 17. h4 f5 18. Ned2 b5 19. Nb3 Bf8 20. Qa2 Bf7 21. Qb1 Qd6 22. d4 e4 23. Nh2 e3 24. f4 Qf6 25. Nc5 Rad8 26. Nd3 b4 27. Qc2 bxc3 28. bxc3 e2 29. Ne5 Nxe5 30. fxe5 Qb6 31. Kh1 Rc8 32. Qxe2 Nxc3 33. Qf2 Ne4 34. Bxe4 fxe4 35. Ng4 Bd5 36. Nf6+ Kh8 37. Nxd5 Qe6 38. Nf6 Red8 39. Kg1 Rc3 40. Be3 a4 41. Rac1 Rd3 42. Rc7 Bg7 43. Ng4 Qxg4 44. Qf7 Rg8 45. Kf2 Rb3 46. Re2 Rxe3 47. Rxe3 Rf8 48. Qxf8+ Bxf8 49. Rf7 Kg8 50. Rf6 a3 0-1


[Site "https://www.chess.com"]

[Event "Titled Tuesday Blitz June 6 Early 2023"]
[White "Pranav Anand"]
[Black "Iskusnyh, Sergei"]
[WhiteFideId "46626786"]
[BlackFideId "4120027"]
[WhiteElo "2389"]
[BlackElo "2492"]
[Result "1-0"]
[Round "4"]
[TimeControl "180+2"]
[Date "2023.06.06"]
[WhiteClock "0:00:36"]
[BlackClock "0:00:16"]
[Board "40"]

1. Nf3 d5 2. c4 c6 3. e3 Nf6 4. b3 Bg4 5. Bb2 e6 6. Be2 Nbd7 7. O-O Bd6 8. d4 O-O 9. Nc3 Qe7 10. Rc1 h6 11. h3 Bh5 12. Nh4 Bxe2 13. Qxe2 Rad8 14. Rfd1 Rfe8 15. cxd5 exd5 16. Nf5 Qe6 17. Nxd6 Qxd6 18. Nb1 Ne4 19. Ba3 Qg6 20. Nd2 Nxd2 21. Rxd2 Nf6 22. Rdc2 Ne4 23. Bb4 Re6 24. Be1 Rde8 25. b4 a6 26. a4 Nd6 27. Qd1 Nc4 28. Rc3 b5 29. a5 f5 30. Qf3 Re4 31. R3c2 f4 32. Bd2 fxe3 33. Bxe3 Nxe3 34. fxe3 Rxe3 35. Rxc6 Qg5 36. Qf1 Rxh3 37. Qf2 Rhe3 38. Rc8 Kh7 39. Rxe8 Rxe8 40. Rc6 Qc1+ 41. Rxc1 1-0


[Site "https://www.chess.com"]

[Event "Titled Tuesday Blitz June 6 Early 2023"]
[White "Fridman, Daniel"]
[Black "Diaz Rosas, Julio Cesar"]
[WhiteFideId "11600454"]
[BlackFideId "5105099"]
[WhiteElo "2538"]
[BlackElo "2284"]
[Result "1-0"]
[Round "4"]
[TimeControl "180+2"]
[Date "2023.06.06"]
[WhiteClock "0:01:07"]
[BlackClock "0:00:11"]
[Board "41"]

1. d4 d5 2. Nf3 Nf6 3. c4 e6 4. g3 Bb4+ 5. Nc3 O-O 6. Bg2 Ne4 7. Qb3 c5 8. O-O Nc6 9. cxd5 exd5 10. dxc5 Be6 11. Qc2 Bf5 12. Nh4 Nxc3 13. Nxf5 Ne4 14. a3 Qf6 15. axb4 Qxf5 16. b5 Ne5 17. f3 Nxg3 18. e4 Qg6 19. hxg3 Qxg3 20. exd5 Rfe8 21. Ra4 h5 22. Bf4 Nxf3+ 23. Rxf3 Re1+ 24. Rf1 Qh4 25. Qf2 1-0


[Site "https://www.chess.com"]

[Event "Titled Tuesday Blitz June 6 Early 2023"]
[White "demon64fields"]
[Black "Gheorghiu, Calin"]
[BlackFideId "1200305"]
[WhiteElo "2843"]
[BlackElo "2204"]
[Result "1-0"]
[Round "4"]
[TimeControl "180+2"]
[Date "2023.06.06"]
[WhiteClock "0:01:48"]
[BlackClock "0:00:01"]
[Board "42"]

1. e4 e6 2. d3 d5 3. Nd2 c5 4. Ngf3 Nc6 5. g3 Bd6 6. Bg2 Nge7 7. O-O O-O 8. Re1 Qc7 9. b3 f6 10. Bb2 Bd7 11. a4 a6 12. exd5 exd5 13. d4 b6 14. c4 dxc4 15. Nxc4 b5 16. Nxd6 Qxd6 17. dxc5 Qc7 18. Qd6 Qxd6 19. cxd6 Nf5 20. Nd2 Nxd6 21. Red1 bxa4 22. Nf3 Nb5 23. Rxd7 axb3 24. Nd2 Rfc8 25. Nxb3 Rab8 26. Nc5 Nba7 27. Ba3 Nb5 28. h4 h6 29. Ne6 Ne5 30. Rxg7+ Kh8 31. Re7 Nxa3 32. Be4 f5 33. Bxf5 1-0


[Site "https://www.chess.com"]

[Event "Titled Tuesday Blitz June 6 Early 2023"]
[White "Garcia Blanco, Omar"]
[Black "Dragnev, Valentin"]
[WhiteFideId "2287153"]
[BlackFideId "1634852"]
[WhiteElo "2356"]
[BlackElo "2487"]
[Result "0-1"]
[Round "4"]
[TimeControl "180+2"]
[Date "2023.06.06"]
[WhiteClock "0:00:02"]
[BlackClock "0:00:17"]
[Board "43"]

1. e4 c6 2. d4 d5 3. exd5 cxd5 4. Bd3 Nc6 5. c3 Qc7 6. h3 e6 7. Nf3 Bd6 8. O-O Nge7 9. Re1 O-O 10. a4 Ng6 11. Na3 a6 12. Nc2 Bd7 13. h4 Na5 14. h5 Nf4 15. Bxf4 Bxf4 16. Ne5 Bxe5 17. Rxe5 f6 18. Re1 Rae8 19. Ne3 Nc6 20. b4 Nd8 21. Qc2 f5 22. c4 dxc4 23. Bxc4 Qf4 24. b5 axb5 25. axb5 Kh8 26. Nf1 Qg5 27. Qe2 f4 28. Ra3 Nf7 29. Nh2 Nd6 30. Bd3 Bxb5 31. Bxb5 Qxb5 32. Qxb5 Nxb5 33. Rd3 Rf5 34. Nf3 Rxh5 35. Rb3 Rd5 36. Rb4 h6 37. Re5 Nd6 38. Rxd5 exd5 39. Rb6 Nf5 40. Rxb7 Re4 41. Rb4 g5 42. Ra4 g4 43. Ne5 h5 44. Nc6 Re1+ 45. Kh2 g3+ 0-1


[Site "https://www.chess.com"]

[Event "Titled Tuesday Blitz June 6 Early 2023"]
[White "Machidon, Cristi"]
[Black "Harsh Suresh"]
[WhiteFideId "13904590"]
[BlackFideId "45018464"]
[WhiteElo "2355"]
[BlackElo "2209"]
[Result "0-1"]
[Round "4"]
[TimeControl "180+2"]
[Date "2023.06.06"]
[WhiteClock "0:00:01"]
[BlackClock "0:00:05"]
[Board "44"]

1. Nf3 b6 2. g3 Bb7 3. Bg2 g6 4. O-O Bg7 5. d4 e6 6. c4 Ne7 7. Nc3 d6 8. e4 a6 9. Be3 h6 10. Qd2 Nd7 11. a4 a5 12. Rfe1 Nf6 13. d5 e5 14. h3 Nd7 15. Rab1 f5 16. b4 axb4 17. Rxb4 Nf6 18. Nh4 Bc8 19. exf5 gxf5 20. Kh2 Bd7 21. Nb5 Qc8 22. Rc1 Kf8 23. Nxc7 Qxc7 24. Bxb6 Qc8 25. c5 Qb8 26. cxd6 Qxd6 27. Bc5 Qa6 28. Ng6+ Kf7 29. Nxe7 Rhb8 30. d6 Rxb4 31. Qxb4 e4 32. Qb3+ Be6 33. Qd1 Qxa4 34. Qe2 Qd7 35. Bf1 Ra2 36. Rc2 Ra1 37. Kg2 Qb7 38. Qe3 Qb1 39. Bc4 Qh1# 0-1


[Site "https://www.chess.com"]

[Event "Titled Tuesday Blitz June 6 Early 2023"]
[White "Poltorak, Sebastian"]
[Black "Ilamparthi A R"]
[WhiteFideId "1199498"]
[BlackFideId "45015775"]
[WhiteElo "2195"]
[BlackElo "2348"]
[Result "0-1"]
[Round "4"]
[TimeControl "180+2"]
[Date "2023.06.06"]
[WhiteClock "0:00:07"]
[BlackClock "0:00:41"]
[Board "45"]

1. d4 Nf6 2. c4 g6 3. Nc3 Bg7 4. e4 d6 5. Be2 O-O 6. Be3 e5 7. d5 Na6 8. h4 Nc5 9. f3 Nh5 10. Qd2 Nf4 11. Bf1 a5 12. O-O-O f5 13. Nge2 fxe4 14. Nxe4 Nxe4 15. fxe4 Bg4 16. Re1 Qf6 17. g3 Nh5 18. Bg2 Qe7 19. Bg5 Qd7 20. Rhf1 Rxf1 21. Bxf1 Rf8 22. c5 dxc5 23. Nc3 Nxg3 24. Bc4 Kh8 25. Rg1 Nh5 26. Qg2 Bh3 27. Qh2 Nf4 28. Bb5 c6 29. dxc6 bxc6 30. Bd3 0-1


[Site "https://www.chess.com"]

[Event "Titled Tuesday Blitz June 6 Early 2023"]
[White "Guerra Tulcan, Lenin"]
[Black "Tejedor Fuente, Enrique"]
[WhiteFideId "3601382"]
[BlackFideId "2299100"]
[WhiteElo "2368"]
[BlackElo "2496"]
[Result "1-0"]
[Round "4"]
[TimeControl "180+2"]
[Date "2023.06.06"]
[WhiteClock "0:00:23"]
[BlackClock "0:00:01"]
[Board "46"]

1. e4 d6 2. d4 Nf6 3. Nc3 e5 4. Nf3 Nbd7 5. dxe5 dxe5 6. Bc4 Bb4 7. O-O O-O 8. Nd5 Nxd5 9. Bxd5 c6 10. Bb3 a5 11. Bg5 Be7 12. Bxe7 Qxe7 13. a4 Nc5 14. Qe2 Bg4 15. h3 Bh5 16. Bc4 Kh8 17. Qe3 f6 18. Nh4 Rfd8 19. Nf5 Qf8 20. g4 Be8 21. Rfd1 b6 22. b3 g6 23. Ng3 Bf7 24. Be2 Qe7 25. Rxd8+ Rxd8 26. Rd1 Rxd1+ 27. Bxd1 Qd6 28. Be2 Kg7 29. h4 Qd8 30. h5 Ne6 31. Qd3 Qe7 32. Qa6 Qc7 33. Qa8 Nf4 34. h6+ Kxh6 35. Qh8 Qe7 36. Bf3 Ne6 37. Qc8 Qc7 38. Qh8 Qd8 39. g5+ fxg5 40. Qxe5 Qd4 41. Qb8 Qd8 42. Qe5 Qd4 43. Qb8 Qf6 44. Bg2 Qd8 45. Qe5 Qd4 46. Qb8 Nf4 47. Qf8+ Qg7 48. Qd6 Qa1+ 49. Kh2 Be6 50. Bf3 Qf6 51. Qxc6 Qe5 52. Qxb6 g4 53. Bg2 Qg5 54. Qe3 Qh4+ 55. Kg1 Qg5 56. Ne2 Nxe2+ 57. Qxe2 Qc1+ 58. Kh2 Kg7 59. Kg3 Qg5 60. Qe3 Qe5+ 61. Qf4 Qc3+ 62. Kh2 Qxc2 63. Qe5+ Kf7 64. Qxa5 Qxb3 65. Qc7+ Kg8 66. a5 h5 67. a6 h4 68. a7 g3+ 69. fxg3 hxg3+ 70. Qxg3 Qa3 71. Qb8+ Kh7 72. a8=Q Qc3 73. Qg3 g5 74. Qxc3 1-0


[Site "https://www.chess.com"]

[Event "Titled Tuesday Blitz June 6 Early 2023"]
[White "Maximov, Dmitry"]
[Black "Terletsky, Oleg"]
[WhiteFideId "14105659"]
[BlackFideId "14116774"]
[WhiteElo "2494"]
[BlackElo "2126"]
[Result "0-1"]
[Round "4"]
[TimeControl "180+2"]
[Date "2023.06.06"]
[WhiteClock "0:00:12"]
[BlackClock "0:00:03"]
[Board "47"]

1. e4 e5 2. Nf3 Nc6 3. Bb5 a6 4. Ba4 Nf6 5. O-O Be7 6. Re1 b5 7. Bb3 d6 8. c3 O-O 9. h3 Bb7 10. d3 Na5 11. Bc2 c5 12. Nbd2 Re8 13. Qe2 Bf8 14. Nf1 d5 15. Ng3 d4 16. cxd4 cxd4 17. Bd2 Rc8 18. Rac1 Qb6 19. Nh2 b4 20. Bg5 h6 21. Bxf6 Qxf6 22. Ng4 Qe6 23. Ba4 Red8 24. Nf5 h5 25. Nxe5 Qxe5 26. Qxh5 Qf6 27. Ng3 Nc6 28. Bb3 g6 29. Qe2 Bh6 30. Rc4 a5 31. e5 Qe7 32. Qg4 Kh7 33. e6 f5 34. Nxf5 gxf5 35. Qxf5+ Kh8 36. Re4 Rg8 37. Rc5 Qg7 38. g3 Ne7 39. Qf7 Rxc5 40. Rh4 Rc1+ 41. Kh2 Rh1# 0-1


[Site "https://www.chess.com"]

[Event "Titled Tuesday Blitz June 6 Early 2023"]
[White "splendidkid"]
[Black "Moral Garcia, Serafin"]
[BlackFideId "2201925"]
[WhiteElo "2764"]
[BlackElo "2274"]
[Result "1/2-1/2"]
[Round "4"]
[TimeControl "180+2"]
[Date "2023.06.06"]
[WhiteClock "0:00:47"]
[BlackClock "0:00:16"]
[Board "48"]

1. d4 Nf6 2. c4 g6 3. Nf3 Bg7 4. Nc3 d5 5. Bg5 Ne4 6. Bf4 Nxc3 7. bxc3 c5 8. e3 Nc6 9. cxd5 Qxd5 10. Be2 cxd4 11. cxd4 O-O 12. O-O Bf5 13. Qa4 Qa5 14. Qb3 Qb4 15. Rfc1 Qxb3 16. axb3 Be4 17. Nd2 Bd5 18. Bc4 Rfd8 19. Nf3 Rac8 20. h3 a6 21. Nd2 e5 22. dxe5 Bxe5 23. Bxe5 Nxe5 24. Bxd5 Rxc1+ 25. Rxc1 Rxd5 26. Ne4 Rb5 27. Rc8+ Kg7 28. Nc5 a5 29. f4 Nc6 30. Nxb7 Rxb7 31. Rxc6 Rxb3 32. Kf2 a4 33. Ra6 a3 34. Kf3 h5 35. g4 hxg4+ 36. hxg4 Kf8 37. Ra7 Kg7 38. g5 Rc3 39. Ke4 Rb3 40. Kd4 Kf8 41. e4 Kg7 42. f5 gxf5 43. exf5 Rb5 44. Ke4 Rb4+ 45. Ke5 Rb5+ 46. Kf4 Rb4+ 47. Kf3 Rb5 48. Kg4 Rb3 49. Kh4 Kf8 50. Kh5 Rh3+ 51. Kg4 Rb3 52. f6 Kg8 53. Ra8+ Kh7 54. Rf8 Rb7 55. Ra8 Rb3 56. Kh4 Kg6 57. Rg8+ Kf5 58. Ra8 Kg6 59. Ra4 Rc3 60. Kg4 Rb3 61. Kf4 Rc3 62. Ra5 Rb3 63. Kg4 Rb4+ 64. Kf3 Rb3+ 65. Ke4 Rb4+ 66. Ke3 Rb3+ 67. Ke4 Rb4+ 68. Kf3 Rb3+ 69. Ke2 Rg3 70. Kf2 Rxg5 71. Rxa3 Kxf6 72. Kf3 Rc5 73. Ke4 Kg6 74. Kd4 Rg5 75. Ke4 f5+ 76. Ke5 Rg4 77. Re3 Kg5 78. Re1 f4 79. Rf1 Rh4 80. Ke4 Rg4 81. Ra1 Rg2 82. Ra8 Re2+ 83. Kf3 Re3+ 84. Kf2 Kg4 85. Rg8+ Kf5 86. Rf8+ Kg4 87. Rg8+ Kf5 88. Rf8+ Kg4 89. Ra8 Rc3 90. Rg8+ Kf5 91. Ke2 Rc2+ 92. Kd3 Rh2 93. Kd4 f3 94. Ke3 f2 95. Ke2 Kf4 96. Kf1 Kf3 97. Rf8+ Ke3 98. Re8+ Kf3 99. Rf8+ Ke3 100. Re8+ Kf3 101. Rf8+ 1/2-1/2


[Site "https://www.chess.com"]

[Event "Titled Tuesday Blitz June 6 Early 2023"]
[White "Sokolovsky, Yahli"]
[Black "Hajiyev, Kanan"]
[WhiteFideId "2820242"]
[BlackFideId "13404148"]
[WhiteElo "2389"]
[BlackElo "2115"]
[Result "1-0"]
[Round "4"]
[TimeControl "180+2"]
[Date "2023.06.06"]
[WhiteClock "0:00:13"]
[BlackClock "0:00:09"]
[Board "49"]

1. b3 a5 2. Bb2 a4 3. b4 e6 4. a3 Nf6 5. c4 d5 6. c5 d4 7. Nf3 Nc6 8. b5 Na5 9. Qxa4 Bxc5 10. Nxd4 O-O 11. e3 Bd7 12. Qc2 b6 13. Bd3 e5 14. Nf5 Re8 15. Ng3 e4 16. Nxe4 Nxe4 17. Bxe4 Bxb5 18. d4 Bd6 19. Nd2 Qg5 20. Bxa8 Rxa8 21. Qe4 Bc6 22. Qd3 Qxg2 23. O-O-O Qd5 24. e4 Qa2 25. Qb1 Nb3+ 26. Nxb3 Qxb3 27. Qc2 Qxc2+ 28. Kxc2 Bxe4+ 29. Kb3 Bd5+ 30. Kc2 Bxh1 31. Rxh1 b5 32. Kb3 Kf8 33. Re1 Bxh2 34. Rh1 Bd6 35. Rxh7 Kg8 36. Rh1 Re8 37. Bc1 Re2 38. Be3 f6 39. Rh5 c6 40. Rh1 g5 41. Rc1 c5 42. dxc5 Bc7 43. c6 Kf7 44. Rc5 Ke6 45. Rxb5 Re1 46. Rb7 Rb1+ 47. Kc2 Rxb7 48. cxb7 Bb8 49. a4 Kd7 50. a5 Kc6 51. a6 g4 52. a7 Bxa7 53. Bxa7 Kxb7 54. Bd4 f5 55. Be5 Kc6 56. Kd3 Kd5 57. Bf4 Kc5 58. Ke3 Kd5 59. Bg3 Ke6 60. Kf4 Kf6 61. Bh4+ Kg6 62. Bd8 Kh5 63. Kxf5 g3 64. fxg3 Kh6 65. g4 Kg7 66. g5 Kf7 67. Ba5 Kg7 68. Be1 Kg8 69. Bg3 Kg7 70. g6 Kg8 71. Kf6 Kf8 72. g7+ Kg8 73. Be1 Kh7 74. Kf7 Kh6 75. g8=Q Kh5 76. Qg6# 1-0


[Site "https://www.chess.com"]

[Event "Titled Tuesday Blitz June 6 Early 2023"]
[White "Bethke, Richard"]
[Black "Fernandez Guillen, Ernesto J."]
[WhiteFideId "12959243"]
[BlackFideId "3512428"]
[WhiteElo "2369"]
[BlackElo "2434"]
[Result "0-1"]
[Round "4"]
[TimeControl "180+2"]
[Date "2023.06.06"]
[WhiteClock "0:00:23"]
[BlackClock "0:00:14"]
[Board "50"]

1. e4 e5 2. Nf3 Nc6 3. Bc4 g6 4. d4 exd4 5. Nxd4 Bg7 6. Nxc6 bxc6 7. O-O Ne7 8. Nc3 O-O 9. Bg5 d6 10. Qd3 h6 11. Bh4 g5 12. Bg3 Ng6 13. Bb3 a5 14. a4 Ba6 15. Bc4 Bxc4 16. Qxc4 Rb8 17. Rab1 Qd7 18. b3 h5 19. f4 h4 20. f5 Ne5 21. Bxe5 Bxe5 22. Qd3 f6 23. Nd1 Kg7 24. Ne3 Qf7 25. Nc4 Rfe8 26. Nxa5 Qd7 27. Nc4 d5 28. Rbd1 Qf7 29. exd5 Rbd8 30. Ne3 cxd5 31. Kh1 h3 32. g3 c5 33. Nxd5 Bd4 34. c4 g4 35. Nf4 Qb7+ 36. Rf3 gxf3 37. Nd5 f2 38. Rf1 Re1 39. g4 Rxd5 40. Qxh3 Rxf5+ 0-1


[Site "https://www.chess.com"]

[Event "Titled Tuesday Blitz June 6 Early 2023"]
[White "Djordjevic, Vuk"]
[Black "Liu, Casper"]
[WhiteFideId "902098"]
[BlackFideId "1454153"]
[WhiteElo "2463"]
[BlackElo "2221"]
[Result "1-0"]
[Round "4"]
[TimeControl "180+2"]
[Date "2023.06.06"]
[WhiteClock "0:00:06"]
[BlackClock "0:01:02"]
[Board "51"]

1. d4 Nf6 2. Bg5 h6 3. Bxf6 exf6 4. c4 Bb4+ 5. Nc3 O-O 6. e3 d5 7. Qb3 Nc6 8. cxd5 Bxc3+ 9. bxc3 Ne7 10. c4 Re8 11. Nf3 c6 12. dxc6 Nxc6 13. Qc3 Bg4 14. d5 Ne5 15. Nxe5 Rxe5 16. Bd3 Rc8 17. Qb4 f5 18. O-O Qh4 19. Qxb7 f4 20. f3 Rh5 21. exf4 Qxh2+ 22. Kf2 Qxf4 23. Qxa7 Re8 24. Rae1 Rhe5 25. Rxe5 Rxe5 26. Qa8+ 1-0


[Site "https://www.chess.com"]

[Event "Titled Tuesday Blitz June 6 Early 2023"]
[White "Trifan, Andrei Ioan"]
[Black "Weetik, Vjacheslav"]
[WhiteFideId "12967068"]
[BlackFideId "4153472"]
[WhiteElo "2208"]
[BlackElo "2469"]
[Result "0-1"]
[Round "4"]
[TimeControl "180+2"]
[Date "2023.06.06"]
[WhiteClock "0:00:22"]
[BlackClock "0:00:10"]
[Board "52"]

1. e4 c6 2. d4 d5 3. exd5 cxd5 4. c4 Nf6 5. Nc3 e6 6. Nf3 Bb4 7. cxd5 Nxd5 8. Bd2 Nc6 9. Bd3 Nf6 10. O-O O-O 11. a3 Be7 12. Be3 b6 13. Re1 Bb7 14. Bc2 Re8 15. Qd3 g6 16. Rad1 Rc8 17. Ne5 Nxe5 18. dxe5 Qxd3 19. Bxd3 Nd5 20. Nxd5 Bxd5 21. Rc1 Kg7 22. Ba6 Rxc1 23. Rxc1 Rd8 24. Rc7 Bc5 25. Bg5 Ra8 26. Bf6+ Kg8 27. h4 h6 28. b4 Bf8 29. Bb7 Bxb7 30. Rxb7 Bg7 31. Bxg7 Kxg7 32. a4 Rd8 33. Rxa7 Rd4 34. a5 Rxb4 35. axb6 Rxb6 36. Ra1 g5 37. hxg5 hxg5 38. g3 Kg6 39. Kg2 g4 40. Ra4 Kg5 41. Rf4 Rb7 42. Re4 Rd7 43. Re2 Kf5 44. f3 gxf3+ 45. Kxf3 Rd3+ 46. Kg2 Rd5 47. Kf3 Rxe5 48. g4+ Kf6 49. Ra2 Rb5 50. Kg3 Kg5 51. Ra3 Rd5 52. Rb3 f6 53. Ra3 Rd4 54. Ra5+ e5 55. Ra8 Rxg4+ 56. Kf3 Kf5 57. Rh8 Rf4+ 58. Ke3 Ra4 59. Rh5+ Ke6 60. Rh8 Ra3+ 61. Ke4 f5# 0-1


[Site "https://www.chess.com"]

[Event "Titled Tuesday Blitz June 6 Early 2023"]
[White "qx4z"]
[Black "Jaskolka, Tomasz"]
[BlackFideId "1170791"]
[WhiteElo "2745"]
[BlackElo "2155"]
[Result "1-0"]
[Round "4"]
[TimeControl "180+2"]
[Date "2023.06.06"]
[WhiteClock "0:00:47"]
[BlackClock "0:00:13"]
[Board "53"]

1. d4 d5 2. Bf4 c6 3. e3 Nf6 4. c4 a6 5. Nc3 Bf5 6. Qb3 Ra7 7. Nf3 e6 8. c5 Be7 9. h3 h6 10. Be2 Nbd7 11. O-O O-O 12. a4 Ne4 13. a5 Nxc3 14. bxc3 f6 15. Bh2 e5 16. Bd1 Bd3 17. Re1 Bc4 18. Qb2 Qe8 19. Be2 Bxe2 20. Qxe2 Qh5 21. Rab1 Bd8 22. Qa2 Qf7 23. Rb2 Bc7 24. Reb1 Rb8 25. Nd2 Kh8 26. c4 dxc4 27. Nxc4 Nf8 28. dxe5 fxe5 29. Nxe5 Qxa2 30. Rxa2 Kg8 31. Rab2 Re8 32. Nc4 Bxh2+ 33. Kxh2 Re7 34. Nd6 Ne6 35. Nxb7 Rd7 36. Rb6 Rc7 37. f4 Kf8 38. f5 Ng5 39. Nd6 Ke7 40. Rb8 Kf6 41. Ne8+ Kxf5 42. Nxc7 Rxc7 43. Re8 Ne4 44. Rf1+ Kg6 45. Rxe4 Rb7 46. Re6+ Kh7 47. Rxc6 Rb4 48. Rxa6 Rb5 49. Rb6 Rxc5 50. a6 Ra5 51. Rf7 h5 52. a7 h4 53. Rb8 Rg5 54. a8=Q Kg6 55. Qc6+ Kh5 56. Rh8# 1-0


[Site "https://www.chess.com"]

[Event "Titled Tuesday Blitz June 6 Early 2023"]
[White "Danielyan, Vahe"]
[Black "Richter, Paul"]
[WhiteFideId "13304828"]
[BlackFideId "2046350"]
[WhiteElo "2423"]
[BlackElo "2525"]
[Result "1-0"]
[Round "4"]
[TimeControl "180+2"]
[Date "2023.06.06"]
[WhiteClock "0:00:48"]
[BlackClock "0:00:05"]
[Board "54"]

1. d4 Nf6 2. c4 g6 3. Nc3 Bg7 4. g3 O-O 5. Bg2 d6 6. Nf3 Nbd7 7. O-O e5 8. e4 exd4 9. Nxd4 Re8 10. Re1 a6 11. h3 Rb8 12. Be3 Ne5 13. Qe2 c5 14. Nc2 b5 15. cxb5 axb5 16. Nxb5 Ba6 17. a4 Bxb5 18. axb5 c4 19. b6 Nd3 20. Nd4 Rxb6 21. Reb1 Nxe4 22. Ra7 Nc3 23. Qf3 Qf6 24. Rba1 Qxf3 25. Bxf3 Rxb2 26. Nc6 Nb5 27. Ra8 Rf8 28. Ne7+ Kh8 29. Bg5 Rb1+ 30. Rxb1 Rxa8 31. Bxa8 Bb2 32. Rxb2 Nxb2 33. Bf6# 1-0


[Site "https://www.chess.com"]